 Dungeon Crawl Stone Soup version 0.26.1-11-gd32895ea62 (webtiles) character file.

Game seed: 18275715619142103668

168 vvl the Chopper (level 5, -3/61 HPs)
             Began as a Human Berserker on June 16, 2021.
             Was a Believer of Trog.
             Slain by a gnoll
             ... wielding a cursed -2 halberd
              (7 damage)
             ... on level 2 of the Dungeon.
             The game lasted 00:06:47 (4330 turns).

vvl the Chopper (Human Berserker)                   Turns: 4330, Time: 00:06:49

Health: -3/61      AC: 22    Str: 14 (17) XL:     5   Next: 78%
Magic:  5/5        EV:  2    Int:  5 (8)  God:    Trog [**....]
Gold:   82         SH:  0    Dex: 11 (13) Spells: 4/4 levels left

rFire    . . .     SeeInvis .   j - +4 short sword
rCold    . . .     Faith    .   (no shield)
rNeg     + + +     Spirit   .   (armour currently unavailable)
rPois    +         Reflect  .   (helmet currently unavailable)
rElec    .         Harm     .   (cloak currently unavailable)
rCorr    .         Rampage  .   (gloves currently unavailable)
Will     .....     NoTele   +   (boots currently unavailable)
Stlth    +.........             (no amulet)
HPRegen  0.20/turn              (no ring)
MPRegen  0.09/turn              (no ring)

@: mighty, tree-form, berserk cooldown, hasted and slowed
A: no striking features
a: Renounce Religion, Berserk, Trog's Hand


You were on level 2 of the Dungeon.
You worshipped Trog.
Trog was pleased with you.
You were a tree.
You visited 1 branch of the dungeon, and saw 3 of its levels.

You collected 82 gold pieces.

Inventory:

Hand Weapons
 a - a +0 hand axe
 j - a +4 short sword (weapon)
Armour
 k - a +0 leather armour (melded)
 p - a +0 cloak (melded)
Scrolls
 c - a scroll of noise {unknown}
 e - a scroll of magic mapping
 g - a scroll of teleportation
Potions
 d - 2 potions of berserk rage
 m - a potion of heal wounds {unknown}
 o - a potion of flight {unknown}


   Skills:
 + Level 3.5 Fighting
 * Level 4.1 Axes
 + Level 2.7 Armour
 + Level 2.7 Dodging
 + Level 1.6 Shields
 + Level 1.4 Evocations


You had 4 spell levels left.
You didn't know any spells.
Your spell library was empty.

Dungeon Overview and Level Annotations

Branches:
Dungeon (3/15)

Altars:


Message History

The rat bites you.
* * * LOW HITPOINT WARNING * * *
It was a potion of haste.
You feel yourself speed up. The bat hits you but does no damage.
The gnoll hits you but does no damage. The bat hits you but does no damage.
The gnoll hits you but does no damage. The rat bites you but does no damage.
It was a potion of degeneration.
There was something very wrong with that liquid.
You feel weakened.
You feel dopey.
You feel clumsy. The bat hits you but does no damage.
The rat barely misses you. The gnoll hits you.
* * * LOW HITPOINT WARNING * * *
The gnoll hits you but does no damage.
It was a potion of might.
You feel very mighty all of a sudden. The bat hits you but does no damage.
The rat bites you.
* * * LOW HITPOINT WARNING * * *
The gnoll hits you but does no damage.
The gnoll hits you from afar with a cursed -2 halberd!
You die...

#.......# #.......#
#....[..# #.......#
#.......######
#............####
##.)g).#####....#
######g)##)#######..###
#....r♣................
#...........######.####
#......b...#######.####
#.....................)
#..........#######.#..#
#..../......# #...##
......#.#...... #..##
...)..#.#...... #..#
#..#


You could see 2 gnolls, a bat and a rat.

Vanquished Creatures
  A gnoll shaman (D:2)
  3 adders (D:3)
  6 gnolls
  2 worms (D:3)
  3 leopard geckos
  3 orcs (D:3)
  4 giant cockroaches
  4 goblins
  6 hobgoblins
  A ball python (D:3)
  4 bats
  4 frilled lizards
  6 kobolds
  4 rats
51 creatures vanquished.

Notes
Turn   | Place    | Note
-------+----------+-------------------------------------------
     0 | D:1      | vvl the Human Berserker began the quest for the Orb.
     0 | D:1      | Reached XP level 1. HP: 18/18 MP: 1/1
   377 | D:1      | Reached XP level 2. HP: 15/24 MP: 2/2
   816 | D:1      | Reached XP level 3. HP: 26/29 MP: 3/3
  2408 | D:3      | Reached XP level 4. HP: 28/35 MP: 4/4
  2528 | D:3      | Reached skill level 1 in Shields
  3094 | D:3      | Reached skill level 1 in Evocations
  3104 | D:3      | Reached ** piety under Trog
  3755 | D:3      | Reached XP level 5. HP: 11/41 MP: 5/5
  4303 | D:2      | Reached skill level 4 in Axes
  4330 | D:2      | Slain by a gnoll

Illustrated notes

Levels and vault maps discovered:
D:1:      saegor_arrival_simple_c, layout_rooms
D:2:      layout_rooms
D:3:      layout_basic

Skill      XL: |  1  2  3  4  5 |
---------------+----------------+-----
Shields        | 1 |  1.6
Evocations     | 1 |  1.4
Axes           | 4 |  4.1
Fighting       | |  3.5
Armour         | |  2.7
Dodging        | |  2.7

Action                   |  1- 3 |  4- 6 || total
-------------------------+-------+-------++-------
Melee: Hand axe          |   101 |    80 ||   181
       Spear             |     8 |    12 ||    20
       Short sword       |       |    24 ||    24
Invok: Berserk           |     2 |     2 ||     4
       Trog's Hand       |       |     1 ||     1
  Use: Scroll            |       |     5 ||     5
       Potion            |       |     4 ||     4
Armor: Animal skin       |    17 |       ||    17
       Leather armour    |     7 |    23 ||    30
       Skin              |       |    27 ||    27
Dodge: Dodged            |    69 |   107 ||   176
